 Dungeon Crawl Stone Soup version 0.19.4-8-ga85b6b9 (webtiles) character file.

7369 JeffiDaFish the Basher (level 11, -11/68 HPs)
             Began as a Gargoyle Fighter on Feb 14, 2017.
             Was an Elder of Makhleb.
             Hit by a javelin of returning thrown by Urug (16 damage)
             ... on level 10 of the Dungeon.
             The game lasted 00:20:27 (7545 turns).

JeffiDaFish the Basher (Gargoyle Fighter)           Turns: 7545, Time: 00:20:28

Health: -11/68     AC: 29    Str: 26    XL:     11   Next: 14%
Magic:  11/11      EV:  7    Int:  8    God:    Makhleb [****..]
Gold:   432        SH: 12    Dex: 12    Spells: 0 memorised, 10 levels left

rFire  . . .     SeeInvis .     m - +7 whip
rCold  . . .     Gourm    +     j - +0 plate armour
rNeg   + . .     Faith    .     c - +0 shield
rPois  ∞         Spirit   .     n - +1 helmet
rElec  +         Reflect  .     p - +0 cloak
rCorr  .         Harm     .     e - +0 pair of gloves
MR     .....                    u - +2 pair of boots
Stlth  ..........               i - amulet of the gourmand
                                (no ring)
                                (no ring)

@: mighty
A: negative energy resistance 1, electricity resistance, unbreathing,
petrification resistance, rot immunity, AC +7
a: Minor Destruction, Lesser Servant of Makhleb, Major Destruction, Renounce
Religion


You were on level 10 of the Dungeon.
You worshipped Makhleb.
Makhleb was greatly pleased with you.
You were completely stuffed.

You visited 1 branch of the dungeon, and saw 10 of its levels.
You also visited: Sewer.

You collected 630 gold pieces.
You spent 198 gold pieces at shops.

Inventory:

Hand Weapons
 m - a +7 whip (weapon)
Armour
 c - a +0 shield (worn)
 e - a +0 pair of gloves (worn)
 j - a +0 plate armour (worn)
 n - a +1 helmet (worn)
 p - a +0 cloak (worn)
 u - a +2 pair of boots (worn)
Jewellery
 i - an amulet of the gourmand (around neck)
Scrolls
 a - 2 scrolls of fog
 g - 6 scrolls of identify
 k - 3 scrolls of recharging
 l - 14 scrolls of remove curse
 r - a scroll of amnesia
 s - a scroll of magic mapping
 v - a scroll of torment {unknown}
 y - a scroll of teleportation
Potions
 w - a potion of resistance
 A - a potion of haste
Comestibles
 b - 3 meat rations
 d - 2 slices of pizza
 f - 14 bread rations
 o - 2 royal jellies
 t - 7 fruits
 x - 6 beef jerkies
 z - 18 chunks of flesh


   Skills:
 + Level 7.7 Fighting
 + Level 10.6 Maces & Flails
 + Level 8.0 Armour
 + Level 1.5 Dodging
 + Level 0.5 Stealth
 + Level 10.5 Shields


You had 10 spell levels left.
You didn't know any spells.

Dungeon Overview and Level Annotations

Branches:
Dungeon (10/15)            Temple (0/1) D:7             Orc (0/2) D:9
   Lair: D:8-11

Altars:
Makhleb

Shops:
D:6 [   D:10 [

Annotations:
D:10 Urug


Innate Abilities, Weirdness & Mutations

You are resistant to torment.
Your stone body is resilient. (AC +7)
You are immune to poison.
You resist negative energy. (rN+)
You are resistant to electric shocks. (rElec)
You can survive without breathing.
You are immune to petrification.
You are immune to rotting.


Message History

* * * LOW HITPOINT WARNING * * *
You block Snorg's attack.
An ogre comes into view. It is wielding a giant club.
Okay, then.
You whack Snorg!
Snorg is almost dead.
You block Snorg's attack. Snorg closely misses you. Snorg barely misses you.
You whack Snorg!
You kill Snorg!
Makhleb accepts your kill.
Your Armour skill increases to level 8!
Found a stone staircase leading down.
Urug the Orcish Ballista comes into view.
She is wielding an enchanted double sword.
Urug shouts!
Urug throws a javelin of returning.
The javelin of returning hits you but does no damage.
The weapon returns to Urug!
Found Qiovvat's Antique Armour Boutique.
Urug throws a javelin of returning.
The javelin of returning hits you!
You die...

### ..## ..# .. #.# #.
... ##.### ##... ...#
#....######..... ....#
###......O.......o
##...##...######....###
.........## #@..##
........## #.....≈#
..>.....# #%..#..'∩
##......# #...# ≈##
##......# ...## ≈≈
#.......### ...# .
##........#####...#
##..........#....#
##.....##..†....#


You could see Urug and an ogre.

Vanquished Creatures
  Snorg (D:10)
  The ghost of uglyjohn the Ruffian, a novice TrMo of Uskayaw (D:6)
  Pikel (D:7)
  Psyche (D:9)
  Prince Ribbit (D:7)
  8 yaks (D:9)
  A wyvern (D:9)
  2 hungry ghosts
  A water moccasin (D:10)
  Purgy (Sewer)
  3 ice beasts
  2 orc warriors (D:9)
  5 ogres
  2 big kobolds
  3 bullfrogs
  A scorpion (D:4)
  A water moccasin skeleton (D:9)
  5 killer bees (D:9)
  10 howler monkeys
  A bullfrog zombie (D:5)
  A crimson imp (D:5)
  2 centaur zombies
  2 jellies
  4 hounds
  5 orc priests
  11 orc wizards
  A bullfrog skeleton (D:5)
  Jessica (D:2)
  3 iguanas
  4 worker ants
  A hound zombie (D:4)
  2 hound skeletons (D:4)
  3 worker ant zombies
  Robin (D:2)
  11 gnolls
  A river rat (D:3)
  9 adders
  3 shadow imps
  An adder skeleton (D:9)
  3 adder zombies
  4 worms
  3 dart slugs
  7 leopard geckos
  39 orcs
  3 giant cockroaches
  11 goblins
  15 hobgoblins
  4 jackals (D:3)
  4 quokkas
  2 ball pythons (D:3)
  13 bats
  8 frilled lizards
  A giant cockroach zombie (D:4)
  A jackal skeleton (D:8)
  A jackal zombie (D:4)
  16 kobolds
  A leopard gecko skeleton (D:4)
  A quokka zombie (D:5)
  8 rats
262 creatures vanquished.

Vanquished Creatures (others)
  A slave (D:7)
  A scorpion (D:7)
  A hound (D:9)
  An orc (D:7)
  A jackal skeleton (D:7)
5 creatures vanquished.

Grand Total: 267 creatures vanquished

Notes
Turn   | Place    | Note
-------+----------+-------------------------------------------
     0 | D:1      | JeffiDaFish the Gargoyle Fighter began the quest for the Orb.
     0 | D:1      | Reached XP level 1. HP: 14/14 MP: 1/1
   145 | D:1      | Reached XP level 2. HP: 19/19 MP: 2/2
   828 | D:2      | Reached XP level 3. HP: 23/23 MP: 3/3
  1032 | D:2      | Noticed Robin
  1057 | D:2      | Killed Robin
  1064 | D:2      | Reached XP level 4. HP: 4/28 MP: 4/4
  1810 | D:2      | Noticed Jessica
  1813 | D:2      | Killed Jessica
  2049 | D:3      | Reached XP level 5. HP: 32/33 MP: 5/5
  2079 | D:3      | Found a glowing drain.
  2105 | Sewer    | Entered a sewer
  2148 | Sewer    | Noticed Purgy
  2166 | Sewer    | Killed Purgy
  2166 | Sewer    | Reached XP level 6. HP: 25/38 MP: 6/6
  2566 | D:3      | Reached skill level 5 in Shields
  3007 | D:3      | Found a burning altar of Makhleb.
  3026 | D:3      | Became a worshipper of Makhleb the Destroyer
  3168 | D:4      | Reached XP level 7. HP: 43/43 MP: 7/7
  3202 | D:4      | Reached skill level 5 in Maces & Flails
  3319 | D:4      | Reached * piety under Makhleb
  3805 | D:5      | Entered Level 5 of the Dungeon
  3882 | D:5      | Reached XP level 8. HP: 48/48 MP: 8/8
  4627 | D:6      | Found Nuohun's Armour Boutique.
  4635 | D:6      | Bought a +2 pair of boots for 198 gold pieces
  4657 | D:6      | Reached skill level 5 in Armour
  4804 | D:6      | Noticed uglyjohn's ghost (novice TrMo)
  4839 | D:6      | Killed uglyjohn's ghost
  4839 | D:6      | Reached ** piety under Makhleb
  4839 | D:6      | Reached skill level 5 in Fighting
  4839 | D:6      | Reached XP level 9. HP: 35/54 MP: 9/9
  5368 | D:7      | Noticed Pikel
  5399 | D:7      | Killed Pikel
  5881 | D:7      | Noticed Prince Ribbit
  5938 | D:7      | Found a staircase to the Ecumenical Temple.
  6095 | D:7      | Killed Prince Ribbit
  6295 | D:8      | Reached skill level 1 in Dodging
  6295 | D:8      | Reached XP level 10. HP: 60/60 MP: 10/10
  6506 | D:8      | Reached *** piety under Makhleb
  6803 | D:9      | Found a staircase to the Orcish Mines.
  7363 | D:9      | Reached skill level 10 in Maces & Flails
  7366 | D:9      | Noticed Psyche
  7372 | D:9      | Killed Psyche
  7372 | D:9      | Reached skill level 10 in Shields
  7381 | D:9      | Reached **** piety under Makhleb
  7421 | D:9      | Reached XP level 11. HP: 67/67 MP: 11/11
  7497 | D:10     | Entered Level 10 of the Dungeon
  7497 | D:10     | Noticed Snorg
  7524 | D:10     | HP: 1/67 [Snorg (15)]
  7526 | D:10     | Killed Snorg
  7544 | D:10     | Found Qiovvat's Antique Armour Boutique.
  7544 | D:10     | Noticed Urug
  7545 | D:10     | Hit by a javelin of returning thrown by Urug

Skill      XL: |  1  2  3  4  5  6  7  8  9 10 11 |
---------------+----------------------------------+-----
Shields        | 4 5 6 7 9 10 | 10.5
Maces & Flails | 3 4 6 7 8 10 | 10.6
Fighting       | 4 5 6 7 |  7.7
Armour         | 4 5 6 7 8 |  8.0
Dodging        | 1 |  1.5
Stealth        | |  0.5

Action                   |  1- 3 |  4- 6 |  7- 9 | 10-12 || total
-------------------------+-------+-------+-------+-------++-------
Melee: Flail             |   149 |    10 |       |       ||   159
       Whip              |       |   227 |   515 |   326 ||  1068
  Use: Scroll            |     6 |     7 |     6 |     1 ||    20
       Potion            |     3 |     1 |     7 |     2 ||    13
  Eat: Chunk             |     1 |    18 |    24 |    14 ||    57
Armor: Scale mail        |    28 |       |       |       ||    28
       Chain mail        |    23 |       |       |       ||    23
       Plate armour      |    62 |   201 |   197 |   133 ||   593
Dodge: Dodged            |    43 |    40 |    62 |    50 ||   195
Block: Shield            |    96 |   109 |   207 |   150 ||   562
